 Dungeon Crawl Stone Soup version 0.25-a0-10-g2fe12d4386 (webtiles) character file.

Game seed: 6961463577033594063, levelgen mode: deterministic

1309 Mattoad the Basher (level 8, -5/106 HPs)
             Began as a Minotaur Berserker on Oct 15, 2019.
             Was an Elder of Trog.
             Slain by Grinder (10 damage)
             ... on level 5 of the Dungeon.
             The game lasted 00:13:57 (3897 turns).

Mattoad the Basher (Minotaur Berserker)             Turns: 3897, Time: 00:13:58

Health: -5/106     AC:  4    Str: 27    XL:     8   Next: 32%
Magic:  7/7        EV: 14    Int:  4    God:    Trog [****..]
Gold:   229        SH:  5    Dex: 12    Spells: 7/7 levels left

rFire    . . .     SeeInvis .   a - +0 mace
rCold    . . .     Gourm    .   h - +0 buckler
rNeg     . . .     Faith    .   b - +0 animal skin
rPois    .         Spirit   .   (helmet restricted)
rElec    .         Reflect  .   o - +0 cloak
rCorr    .         Harm     .   m - +0 pair of gloves
MR       .....                  (no boots)
Stlth    ..........             (no amulet)
HPRegen  0.27/turn              g - ring of wizardry
MPRegen  0.10/turn              (no ring)

@: berserking, very quick
A: retaliatory headbutt, horns 2
a: Berserk, Trog's Hand, Brothers in Arms, Renounce Religion


You were on level 5 of the Dungeon.
You worshipped Trog.
Trog was greatly pleased with you.
You were very hungry.

You visited 1 branch of the dungeon, and saw 5 of its levels.

You collected 229 gold pieces.

Inventory:

Hand Weapons
 a - a +0 mace (weapon)
Armour
 b - a +0 animal skin (worn)
 h - a +0 buckler (worn)
 m - a +0 pair of gloves (worn)
 o - a +0 cloak (worn)
Jewellery
 g - a ring of wizardry (left hand)
 v - an uncursed ring of magical power {unknown}
Wands
 q - a wand of random effects (9)
 t - a wand of flame (21)
Scrolls
 e - a scroll of immolation
 f - 3 scrolls of enchant armour
 i - 2 scrolls of remove curse
 j - 2 scrolls of magic mapping
 n - a scroll of noise {unknown}
 r - a scroll of fog {unknown}
 s - a scroll of identify
Potions
 d - 3 potions of ambrosia
 k - a potion of magic
 l - a potion of flight
 p - a potion of invisibility {unknown}
Comestibles
 c - 7 rations


   Skills:
 + Level 6.6 Fighting
 + Level 8.6 Maces & Flails
 + Level 2.6 Armour
 + Level 5.4 Dodging
 * Level 4.7 Shields


You had 7 spell levels left.
You didn't know any spells.
Your spell library was empty.

Dungeon Overview and Level Annotations

Branches:
Dungeon (5/15)
 Temple: D:4-7

Altars:
Dithmenos
Elyvilon
Fedhas
Sif Muna
Trog

Shops:
D:4 [

Annotations:
D:5 Grinder


Innate Abilities, Weirdness & Mutations

You reflexively headbutt those who attack you in melee.
You have a pair of horns on your head.


Message History

You feel a strong urge to attack something.
You sock the ogre! Your headbutt misses the ogre.
The ogre is heavily wounded.
You sock the ogre!
You kill the ogre!
Trog accepts your kill.
You can now call in reinforcements.
The centaur shoots an arrow.
The arrow hits you!
* * * LOW HITPOINT WARNING * * *
Grinder says, "You look like you could use a good racking."
Grinder hits you.
* * * LOW HITPOINT WARNING * * *
You writhe in agony.
* * * LOW HITPOINT WARNING * * *
The centaur shoots an arrow.
The arrow misses you.
The arrow barely misses Grinder.
You are too berserk!
You completely miss Grinder.
Grinder is moderately wounded.
Grinder hits you!
You die...

#.#.. ...
#.###.#.###....
#.............)
######..(..###
#.....((.....#
####.#c#.....# #
#)#.....#
#(#.....#
#@####### #5# #.#
#(# #.##########
#..........#
##########.#######
...............
#######.#######


You could see Grinder and a centaur.

Vanquished Creatures
  Pikel (D:4)
  Duvessa (D:4)
  An ogre (D:5)
  A bullfrog (D:3)
  Dowan (D:4)
  A hound (D:5)
  A jelly (D:5)
  An orc priest (D:4)
  2 orc wizards
  Terence (D:2)
  An iguana (D:4)
  Natasha (thrice) (D:2)
  A hound skeleton (D:4)
  7 gnolls (D:3)
  8 adders
  A shadow imp (D:5)
  An ooze (D:3)
  A worm (D:3)
  3 leopard geckos
  9 orcs
  4 ball pythons
  4 giant cockroaches
  13 goblins
  13 hobgoblins
  9 jackals
  4 kobolds
  5 quokkas
  13 bats
  5 frilled lizards
  A quokka skeleton (D:4)
  10 rats
127 creatures vanquished.

Vanquished Creatures (others)
  2 jackals (D:4)
2 creatures vanquished.

Grand Total: 129 creatures vanquished

Notes
Turn   | Place    | Note
-------+----------+-------------------------------------------
     0 | D:1      | Mattoad the Minotaur Berserker began the quest for the Orb.
     0 | D:1      | Reached XP level 1. HP: 19/19 MP: 0/0
   142 | D:1      | Reached skill level 4 in Maces & Flails
   142 | D:1      | Reached XP level 2. HP: 19/27 MP: 1/1
   292 | D:1      | Reached ** piety under Trog
   432 | D:1      | Reached XP level 3. HP: 21/33 MP: 2/2
   676 | D:2      | Noticed Natasha
   683 | D:2      | Killed Natasha
  1020 | D:2      | Reached skill level 1 in Shields
  1046 | D:2      | Noticed Natasha
  1053 | D:2      | Killed Natasha
  1053 | D:2      | Reached skill level 5 in Maces & Flails
  1053 | D:2      | Reached XP level 4. HP: 41/41 MP: 3/3
  1581 | D:2      | Noticed Natasha
  1586 | D:2      | Killed Natasha
  1619 | D:2      | Reached XP level 5. HP: 34/47 MP: 4/4
  1762 | D:2      | Noticed Terence
  1770 | D:2      | Killed Terence
  2023 | D:3      | Reached *** piety under Trog
  2028 | D:3      | Reached skill level 5 in Fighting
  2028 | D:3      | Reached skill level 6 in Maces & Flails
  2070 | D:3      | Found a blossoming altar of Fedhas.
  2087 | D:3      | Found a faded altar of an unknown god.
  2172 | D:3      | Found a shadowy altar of Dithmenos.
  2181 | D:3      | Reached XP level 6. HP: 45/56 MP: 5/5
  2823 | D:3      | Found a bloodstained altar of Trog.
  2823 | D:3      | Found a shimmering blue altar of Sif Muna.
  2933 | D:4      | Found Dosowa's Antique Armour Shop.
  2952 | D:4      | Noticed Dowan
  2956 | D:4      | Noticed Duvessa
  2971 | D:4      | Killed Duvessa
  2996 | D:4      | Killed Dowan
  2996 | D:4      | Reached skill level 7 in Maces & Flails
  2996 | D:4      | Reached XP level 7. HP: 36/62 MP: 6/6
  3240 | D:5      | Entered Level 5 of the Dungeon
  3466 | D:4      | Noticed Pikel
  3474 | D:4      | Killed Pikel
  3474 | D:4      | Reached skill level 8 in Maces & Flails
  3474 | D:4      | Reached skill level 5 in Dodging
  3474 | D:4      | Reached XP level 8. HP: 71/71 MP: 7/7
  3475 | D:4      | Found a white marble altar of Elyvilon.
  3843 | D:5      | Noticed Grinder
  3895 | D:5      | Reached **** piety under Trog
  3896 | D:5      | HP: 4/106 [Grinder (3)]
  3897 | D:5      | Slain by Grinder

Levels and vault maps discovered:
D:1:      dpeg_arrival_simpleton_c, layout_loops_ring
D:2:      layout_basic, serial_curves, eino_curves_04, eino_curves_02,
          minmay_indecisive_spiral, uniq_natasha, uniq_terence
D:3:      layout_rooms, gammafunk_temple_overflow_wave, lemuel_round_altar,
          chequers_ecumenical_altar_island, fedhas_altar_1
D:4:      layout_rooms, lemuel_round_altar, serial_shops, shop,
          minmay_diced_spiral, uniq_duvessa, uniq_pikel
D:5:      layout_basic, minmay_temple_entry_statues_pillars, first_ration,
          uniq_grinder, uniq_edmund

Skill      XL: |  1  2  3  4  5  6  7 |
---------------+----------------------+-----
Maces & Flails | 4 5 6 7 8 |  8.6
Fighting       | 4 5 6 |  6.6
Shields        | 1 2 3 4 |  4.7
Dodging        | 3 5 |  5.4
Armour         | |  2.6

Action                   |  1- 3 |  4- 6 |  7- 9 || total
-------------------------+-------+-------+-------++-------
Melee: Mace              |    60 |   130 |    70 ||   260
       Headbutt          |     6 |    23 |    15 ||    44
Invok: Berserk           |     2 |     4 |     3 ||     9
       Trog's Hand       |       |     1 |     2 ||     3
  Use: Scroll            |       |     7 |       ||     7
       Potion            |       |       |     2 ||     2
 Stab: Sleeping          |       |     1 |       ||     1
  Eat: Chunk             |     1 |    11 |     6 ||    18
Armor: Animal skin       |    18 |    22 |    13 ||    53
Dodge: Dodged            |    35 |   109 |    40 ||   184
Block: Buckler           |       |    20 |    21 ||    41

Table legend:
 A = Non-vault XP
 B = Vault XP
 C = Vault XP percentage of total XP
 D = Non-vault monster count
 E = Vault monster count
 F = Vault count percentage of total count
                 A         B        C        D         E       F
            +---------+---------+-------+---------+---------+-------
      Total |     885 |     985 |  52.7 |     116 |      12 |   9.4
            +---------+---------+-------+---------+---------+-------
        D:1 |      45 |       0 |   0.0 |      26 |       0 |   0.0
        D:2 |     111 |      92 |  45.3 |      28 |       6 |  17.6
        D:3 |     287 |       0 |   0.0 |      38 |       0 |   0.0
        D:4 |     176 |     893 |  83.5 |      15 |       6 |  28.6
        D:5 |     266 |       0 |   0.0 |       9 |       0 |   0.0
            +---------+---------+-------+---------+---------+-------
